 Dungeon Crawl Stone Soup version 0.21.1-1-g345015fe64 (webtiles) character file.

288 Loge the Changer (level 6, -1/47 HPs)
             Began as a Draconian Transmuter on July 16, 2018.
             Killed by nerve-wracking pain
             ... invoked by an orc priest
              (13 damage)
             ... on level 3 of the Dungeon.
             The game lasted 00:13:06 (3840 turns).

Loge the Changer (Draconian Transmuter)             Turns: 3840, Time: 00:13:07

Health: -1/47      AC:  6    Str: 12    XL:     6   Next: 9%
Magic:  6/9        EV: 12    Int: 16    God:
Gold:   172        SH:  0    Dex: 11    Spells: 3/9 levels left

rFire    . . .     SeeInvis .     - Unarmed
rCold    . . .     Gourm    .   (no shield)
rNeg     . . .     Faith    .   (armour unavailable)
rPois    .         Spirit   .   (helmet restricted)
rElec    .         Reflect  .   (no cloak)
rCorr    .         Harm     .   (no gloves)
MR       .....                  (no boots)
Stlth    +.........             (no amulet)
HPRegen  0.15/turn              (no ring)
MPRegen  0.11/turn              (no ring)

@: appendage
A: unfitting armour, horns 2, cold-blooded, AC +6
a: End Transformation


You were on level 3 of the Dungeon.
You were hungry.
You had grown temporary horns.
You visited 1 branch of the dungeon, and saw 4 of its levels.

You collected 172 gold pieces.

Inventory:

Missiles
 a - 57 arrows
 e - 106 stones (quivered)
 p - 7 curare-tipped needles
Jewellery
 i - an uncursed ring of protection from cold {unknown}
 l - a +2 ring of dexterity {unknown}
 n - a +6 ring of evasion {unknown}
 q - an uncursed ring of protection from cold {unknown}
Scrolls
 f - a scroll of enchant armour {unknown}
 j - 4 scrolls of identify {unknown}
 k - a scroll of immolation {unknown}
 o - a scroll of teleportation {unknown}
 r - a scroll of enchant weapon {unknown}
Potions
 g - 3 potions of brilliance {unknown}
 h - 3 potions of heal wounds {unknown}
 m - a potion of haste {unknown}
Books
 b - a book of Changes

   Spells                             Type                      Level
   a - Beastly Appendage              Transmutation                1
   b - Sticks to Snakes               Transmutation                2
   c - Spider Form                    Transmutation/Poison         3
   d - Ice Form                       Ice/Transmutation            4
   e - Blade Hands                    Transmutation                5
Comestibles
 c - 3 rations


   Skills:
 - Level 1.1 Fighting
 - Level 1.7 Dodging
 + Level 4.5 Unarmed Combat
 - Level 2.3 Spellcasting
 * Level 5.3 Transmutations


You had 3 spell levels left.
You knew the following spells:

 Your Spells              Type           Power        Failure   Level  Hunger
a - Beastly Appendage     Tmut           ###...       2%          1    #......
b - Sticks to Snakes      Tmut           ###.....     3%          2    ###....
c - Spider Form           Tmut/Pois      ##........   21%         3    ###....


Dungeon Overview and Level Annotations

Branches:
Dungeon (4/15)
 Temple: D:4-7

Altars:
Qazlal

Annotations:
D:3 exclusion: downstairs
D:4 tensugalgo's ghost, amateur MiFi


Innate Abilities, Weirdness & Mutations

Your plain brown scales are hard. (AC +6)
You cannot fit into any form of body armour.
You are cold-blooded and may be slowed by cold attacks.
You have a pair of horns on your head.


Message History

You closely miss the orc priest.
You headbutt the orc priest, but do no damage.
The orc priest is severely wounded.
The orc priest miscasts a cantrip.
You hit the orc priest. You headbutt the orc priest.
The orc priest is severely wounded.
The orc priest hits you but does no damage.
You hit the orc priest but do no damage.
The orc priest is severely wounded.
The orc priest invokes the aid of Beogh against you.
Pain shoots through your body!
* * * LOW HITPOINT WARNING * * *
You hit the orc priest but do no damage.
The orc priest is severely wounded.
The orc priest hits you but does no damage.
You hit the orc priest but do no damage.
The orc priest is severely wounded.
The orc priest mumbles some strange prayers to Beogh against you.
Pain shoots through your body!
You die...

#..<....)....#####
#.####.#####.....# #.# #.##
#..##.# #.# #..# #..##.# #.#
##.# #..##.# #.# #.# #..##.#
#.#####.####..##.# ##
#............#.#.##########.
#######.###@###.............
#.# ##o#.########.###. #.#
##.## #.# ## ######.# ###
#.# #....).# #####.##
#.###### ##......### #.#
##.......... #.#
#######........### #.#
#.............##


You could see an orc priest.

Vanquished Creatures
  An ogre (D:3)
  A bullfrog skeleton (D:3)
  An orc wizard (D:3)
  3 adders
  An ooze (D:2)
  2 dart slugs (D:2)
  6 leopard geckos
  3 orcs (D:3)
  5 giant cockroaches
  9 goblins
  9 hobgoblins
  7 jackals (D:2)
  3 ball pythons
  8 bats
  6 frilled lizards
  3 kobolds (D:1)
  17 rats
85 creatures vanquished.

Vanquished Creatures (collateral kills)
  2 worker ants
  An adder (D:3)
  A worm (D:3)
  A rat (D:3)
5 creatures vanquished.

Grand Total: 90 creatures vanquished

Notes
Turn   | Place    | Note
-------+----------+-------------------------------------------
     0 | D:1      | Loge the Draconian Transmuter began the quest for the Orb.
     0 | D:1      | Reached XP level 1. HP: 16/16 MP: 3/3
    45 | D:1      | Reached XP level 2. HP: 19/23 MP: 3/5
    67 | D:1      | Learned a level 2 spell: Sticks to Snakes
   489 | D:1      | Reached XP level 3. HP: 28/28 MP: 6/6
   524 | D:1      | Reached skill level 3 in Transmutations
  1253 | D:2      | Reached XP level 4. HP: 29/35 MP: 5/7
  1311 | D:2      | Learned a level 3 spell: Spider Form
  2077 | D:3      | Reached skill level 4 in Transmutations
  2365 | D:3      | Reached XP level 5. HP: 22/40 MP: 3/8
  2569 | D:3      | Found a stormy altar of Qazlal.
  3013 | D:4      | Noticed tensugalgo's ghost (amateur MiFi)
  3374 | D:4      | Noticed an ogre
  3436 | D:3      | Killed an ogre
  3436 | D:3      | Reached skill level 5 in Transmutations
  3436 | D:3      | Reached XP level 6. HP: 11/47 MP: 2/9
  3840 | D:3      | Killed from afar by an orc priest

Skill      XL: |  1  2  3  4  5 |
---------------+----------------+-----
Transmutations | 3 4 5 |  5.3
Unarmed Combat | 4 |  4.5
Fighting       | |  1.1
Dodging        | |  1.7
Spellcasting   | |  2.3

Action                   |  1- 3 |  4- 6 || total
-------------------------+-------+-------++-------
Melee: Unarmed           |   152 |   149 ||   301
       Headbutt          |     8 |     9 ||    17
       Kick              |    21 |     7 ||    28
       Tailslap          |     9 |    16 ||    25
       Punch             |     3 |     1 ||     4
 Cast: Beastly Appendage |    38 |    34 ||    72
       Sticks to Snakes  |       |    17 ||    17
       Spider Form       |       |     2 ||     2
  Eat: Chunk             |     2 |     6 ||     8
       Ration            |       |     1 ||     1
Armor: Skin              |    47 |    52 ||    99
Dodge: Dodged            |   125 |   128 ||   253
